Map: Site Delta LE

Players

A.I. 2 (Very Easy) - Winner!

  • Race: Terran Terran
  • Spawn Location: 11:00

llllllllllll

  • Race: Protoss Protoss
  • League: Grandmaster
  • Spawn Location: 5:00

VOD

Have the link to the VOD?

Description

Time

  • Played on: June 15, 2024, 7:38 p.m.
  • Length: 10:41
Show
View Real Time Build Order
Export as new Build Order

A.I. 2 (Very Easy) Terran - Winner!

Build Orders: Reaper Expand 

Get SALT Encoding   

  12  0:00  SCV  
  13  0:13  SCV  
  14  0:18  Supply Depot  
  14  0:41  Barracks  
  14  1:04  Command Center  
  14  1:27  Orbital Command  
  14  1:28  Marine  
  14  1:31  Supply Depot  
  15  1:37  Refinery  
  15  1:50  Refinery  
  15  1:53  SCV  
  16  2:05  SCV  
  17  2:17  Reaper, SCV  
  17  2:19  SCV  
  20  2:29  SCV  
  21  2:33  SCV  
  22  2:41  SCV  
  23  2:47  Refinery  
  23  2:50  SCV  
  24  2:57  SCV  
  25  3:04  SCV  
  26  3:07  Marine  
  26  3:11  SCV  
  28  3:18  Factory, SCV  
  28  3:41  Refinery  
  28  3:42  SCV  
  29  3:49  SCV  
  30  3:56  Supply Depot, SCV  
  30  3:57  Marine  
  32  4:03  SCV  
  32  4:04  Starport  
  33  4:10  SCV  
  33  4:15  Barracks Tech Lab  
  33  4:18  SCV  
  34  4:26  Hellion, SCV  
  34  4:29  Supply Depot  
  37  4:33  SCV  
  38  4:40  SCV  
  38  4:43  Starport Tech Lab  
  37  4:47  SCV  
  38  4:54  SCV  
  38  4:55  Hellion  
  41  5:02  Raven, SCV  
  44  5:09  SCV  
  44  5:12  Supply Depot  
  45  5:16  SCV  
  46  5:23  SCV  
  47  5:30  SCV  
  48  5:36  Raven  
  48  5:38  SCV  
  51  5:45  Marine  
  52  6:35  Marauder  
  54  7:25  Marauder  
  56  8:15  Marine  
Show
View Real Time Build Order
Export as new Build Order

llllllllllll Protoss 

Build Orders: 1 Gate Expand, Phoenix Opening, Archon Immortal, Colossus Rush 

Get SALT Encoding   

  12  0:00  Probe  
  13  0:14  Probe  
  14  0:21  Pylon  
  14  0:26  Probe  
  15  0:39  Probe (Chrono Boost)  
  15  0:40  Gateway  
  16  0:49  Assimilator  
  16  0:51  Probe (Chrono Boost)  
  17  0:59  Probe (Chrono Boost)  
  18  1:06  Probe (Chrono Boost)  
  19  1:17  Probe (Chrono Boost)  
  20  1:23  Probe (Chrono Boost)  
  21  1:27  Cybernetics Core  
  21  1:39  Nexus  
  21  1:40  Assimilator  
  21  1:47  Pylon  
  21  1:49  Probe  
  22  2:01  Probe  
  22  2:03  Adept (Chrono Boost)  
  25  2:13  Probe  
  26  2:20  Stargate  
  26  2:25  Adept, Probe  
  29  2:33  Warp Gate  
  29  2:37  Probe  
  30  2:50  Probe  
  31  2:51  Probe  
  32  3:02  Phoenix (Chrono Boost), Probe  
  32  3:03  Probe  
  36  3:14  Probe  
  36  3:15  Gateway, Probe  
  36  3:18  Phoenix  
  38  3:26  Probe  
  41  3:28  Probe  
  41  3:31  Robotics Facility  
  42  3:34  Pylon  
  42  3:38  Probe  
  42  3:40  Probe  
  42  3:41  Assimilator  
  44  3:42  Assimilator  
  44  3:47  Phoenix  
  46  3:52  Probe  
  46  3:53  Probe  
  48  4:00  Pylon  
  48  4:04  Probe  
  48  4:05  Pylon, Probe  
  50  4:17  Probe x2  
  52  4:21  Robotics Bay  
  52  4:23  Adept x2  
  56  4:27  Shield Battery, Immortal (Chrono Boost)  
  60  4:33  Probe x2  
  62  4:46  Probe x2  
  62  4:48  Pylon  
  62  4:49  Zealot, Sentry  
  68  4:58  Probe x2  
  70  5:02  Pylon  
  70  5:03  Pylon  
  70  5:05  Colossus (Chrono Boost)  
  70  5:10  Probe x2  
  70  5:13  Extended Thermal Lance  
  78  5:20  Zealot, Sentry  
  82  5:23  Probe x2  
  84  5:30  Pylon  
  84  5:31  Pylon  
  84  5:36  Probe  
  84  5:37  Probe  
  86  5:45  Colossus (Chrono Boost)  
  86  5:49  Zealot  
  96  5:50  Zealot  
  96  5:53  Pylon  
  96  6:02  Phoenix  
  98  6:08  Nexus  
  98  6:09  Pylon  
  98  6:10  Probe x2  
  100  6:22  Probe x2  
  100  6:25  Colossus (Chrono Boost)  
  102  6:29  Phoenix  
  110  6:32  Forge  
  110  6:34  Probe x2  
  110  6:39  Twilight Council  
  112  6:49  Protoss Ground Weapons Level 1 (Chrono Boost), Probe x2  
  114  7:00  Phoenix  
  116  7:01  Probe x2  
  118  7:08  Colossus  
  118  7:09  Charge  
  118  7:11  Assimilator x2  
  118  7:13  Probe x2, Photon Cannon  
  126  7:16  Photon Cannon  
  126  7:33  Shield Battery  
  126  7:35  Photon Cannon  
  126  7:39  Phoenix  
  128  7:52  Gateway, Photon Cannon  
  128  7:53  Shield Battery  
  128  7:54  Gateway  
  128  7:55  Gateway  
  128  7:56  Gateway  
  128  7:59  Templar Archives  
  128  8:02  Gateway  
  128  8:03  Gateway  
  128  8:09  Immortal (Chrono Boost)  
  132  8:18  Zealot x2  
  136  8:24  Psionic Storm  
  136  8:32  Pylon  
  136  8:34  Pylon  
  136  8:35  Pylon x2  
  136  8:41  Immortal  
  140  8:50  Pylon  
  140  8:51  Pylon x2  
  140  8:52  High Templar x2  
  144  8:58  High Templar x2  
  148  9:06  Archon x2  
  148  9:08  Zealot x4  
  156  9:13  Photon Cannon  
  156  9:16  Shield Battery, Photon Cannon  
  156  9:28  Immortal  
Tags
 
Add a new tag
Caveats
  • Supply blocks, unpowered buildings, or Contaminate may cause inaccurate times.
  • Supply counts are checked every 10 seconds.